 Dungeon Crawl Stone Soup version 0.29-a0-283-ga02f740833 (webtiles) character file.

Game seed: 14020955783475315482

110 Dabor the Skirmisher (level 5, -2/42 HPs)
             Began as a Formicid Abyssal Knight on Mar 13, 2022.
             Was a Believer of Lugonu.
             Slain by an adder (3 damage)
             ... on level 1 of the Dungeon.
             The game lasted 00:05:06 (3702 turns).

Dabor the Skirmisher (Formicid Abyssal Knight)      Turns: 3702, Time: 00:05:06

Health: -2/42      AC:  3    Str: 20    XL:     5   Next: 14%
Magic:  7/7        EV: 11    Int:  9    God:    Lugonu [**....]
Gold:   111        SH:  0    Dex: 11    Spells: 4/4 levels left

rFire   . . .      SeeInvis +   a - +1 spear
rCold   . . .      Faith    .   (no shield)
rNeg    . . .      Spirit   .   b - +0 leather armour
rPois   .          Reflect  .   (helmet unavailable)
rElec   .          Harm     .   (no cloak)
rCorr   .          Rampage  .   (no gloves)
Will    .....                   (no boots)
Stlth   +.........              (no amulet)
HPRegen 0.14/turn               (no ring)
MPRegen 0.10/turn               (no ring)

@: no status effects
A: permanent stasis, dig shafts and tunnels, antennae 3, four strong arms
a: Dig, Shaft Self, Renounce Religion, Depart the Abyss, Bend Space


You were on level 1 of the Dungeon.
You worshipped Lugonu.
Lugonu was pleased with you.
You visited 1 branch of the dungeon, and saw 2 of its levels.
You visited the Abyss 1 time.

You collected 111 gold pieces.

Inventory:

Hand Weapons
 a - a +1 spear (weapon)
Missiles
 h - 2 throwing nets
Armour
 b - a +0 leather armour (worn)
Jewellery
 e - a ring of magical power
 g - a ring of magical power
 j - a ring of wizardry
Scrolls
 f - a scroll of immolation
 i - a scroll of identify


   Skills:
 + Level 3.9 Fighting
 + Level 2.7 Polearms
 + Level 3.1 Armour
 + Level 1.9 Dodging
 + Level 3.2 Invocations


You had 4 spell levels left.
You didn't know any spells.
Your spell library contained the following spells:

 Spells                   Type           Power      Damage    Failure   Level
 Sandblast                Erth           0%         2d4       43%         1
 Corpse Rot               Necr/Air       0%         N/A       56%         2
 Passwall                 Tmut/Erth      0%         N/A       56%         2
 Stone Arrow              Conj/Erth      0%         3d7       80%         3
 Dispel Undead            Necr           0%         3d6       99%         4
 Death Channel            Necr           0%         N/A       100%        6


Dungeon Overview and Level Annotations

Branches:
Dungeon (2/15)

Altars:


Innate Abilities, Weirdness & Mutations

You cannot be hasted, slowed, berserked, paralysed or teleported.
You can dig through walls and to a lower floor.
You have a pair of large antennae on your head. (SInv)
Your four strong arms can wield two-handed weapons with a shield.


Message History

The adder is heavily wounded.
You feel sick.
You are no longer poisoned.
The hobgoblin hits you. The adder bites you but does no damage.
You miss the adder.
The adder is heavily wounded.
The adder bites you but does no damage. The hobgoblin hits you.
You hit the adder.
The adder is almost dead.
The adder bites you.
You are poisoned.
The adder poisons you! The hobgoblin hits you. The adder bites you.
* * * LOW HITPOINT WARNING * * *
The adder attacks as you move away! The adder barely misses you.
You feel sick. The hobgoblin attacks as you move away! The hobgoblin hits you.
* * * LOW HITPOINT WARNING * * *
You feel sick.
You feel sick. The adder attacks as you move away!
The adder bites you but does no damage.
You feel sick. The adder bites you.
* * * LOW HITPOINT WARNING * * *
There is a stone staircase leading up here.
You feel sick.
You are no longer poisoned.
The hobgoblin closely misses you. The adder closely misses you.
You climb upwards.
There is a stone staircase leading down here.
You aren't carrying any potions.
As you read the scroll labelled FIOMOSHELLI, it crumbles to dust.
You feel a strange sense of stasis.
It was a scroll of teleportation.
The adder bites you but does no damage. The hobgoblin hits you.
* * * LOW HITPOINT WARNING * * *
As you read the scroll labelled CESIUC BAUXOOBLEBB, it crumbles to dust.
The scroll dissolves into smoke.
It was a scroll of fog.
The adder bites you but does no damage. The hobgoblin barely misses you.
The adder misses you. The hobgoblin attacks as you move away!
The hobgoblin hits you.
* * * LOW HITPOINT WARNING * * *
The adder attacks as you move away! The adder bites you.
You die...

#..# #..#.##.###.#####....... #
#..#####.#..#...#.#...######## ##
#..##....##.###.#...#.## .#
#..##..##############..#
.###.......# #.####......#
......##.#.# #.#.......###
####.###.#.# #§#§#####.#
.###...#.#.####§#§# #.#
..............§g@§# #.#
##...........##§#S# #.# #######
#............§§#§#####.###.....[
##...[..........#..............[.
......♣♣♣♣♣.....####.##..##.#####
.###♣♣♣♣♣♣♣♣.........##..##.#
.##♣≈≈≈♣♣≈≈P♣............##.#
..≈≈≈≈≈≈≈≈≈≈♣♣...#####..###.#
...≈≈≈≈≈≈≈≈≈≈♣♣P.#####.####.#


You could see an adder and a hobgoblin.

Vanquished Creatures
  4 gnolls (D:2)
  An adder (D:2)
  A dart slug (D:1)
  8 bats
  5 endoplasms
  3 giant cockroaches
  3 goblins
  5 hobgoblins
  6 jackals
  4 kobolds
  4 quokkas
  5 ball pythons
  2 frilled lizards (D:1)
  4 rats
55 creatures vanquished.

Vanquished Creatures (others)
  2 plants (D:1)
2 creatures vanquished.

Grand Total: 57 creatures vanquished

Notes
Turn   | Place    | Note
-------+----------+-------------------------------------------
     0 | Abyss:1  | Dabor the Formicid Abyssal Knight began the quest for the
                  | Orb.
     0 | Abyss:1  | Reached XP level 1. HP: 18/18 MP: 2/2
    53 | Abyss:1  | Noticed a small abomination
    55 | D:1      | Escaped the Abyss
   171 | D:1      | Reached ** piety under Lugonu
   174 | D:1      | Reached skill level 1 in Dodging
   182 | D:1      | Reached XP level 2. HP: 9/24 MP: 3/3
   929 | D:1      | Found a faded altar of an unknown god.
  1128 | D:1      | Reached XP level 3. HP: 29/29 MP: 4/4
  2168 | D:2      | Reached XP level 4. HP: 17/37 MP: 6/6
  3130 | D:2      | Reached XP level 5. HP: 30/42 MP: 7/7
  3700 | D:1      | HP: 2/42 [hobgoblin (2)]
  3702 | D:1      | Slain by an adder

Illustrated notes

Levels and vault maps discovered:
D:1:      psy_arrival_radial01, layout_loops_ring, serial_bayou,
          serial_bayou_ford_a, serial_bayou_shore_a, serial_bayou_pond_b,
          serial_bayou_pond_e, shapermc_ecumenical_altar_petra, minmay_tall_x
D:2:      layout_basic, serial_forest, infiniplex_forest_end_2,
          infiniplex_forest_straight_3, infiniplex_forest_lined_2,
          infiniplex_forest_straight_1, infiniplex_forest_clump_medium,
          infiniplex_forest_clump_small, minmay_pentomino_u2

Skill      XL: |  1  2  3  4 |
---------------+-------------+-----
Dodging        | 1 |  1.9
Invocations    | 3 |  3.2
Armour         | 3 |  3.1
Fighting       | |  3.9
Polearms       | |  2.7

Action                   |  1- 3 |  4- 6 || total
-------------------------+-------+-------++-------
Melee: Spear             |   134 |    66 ||   200
       Punch             |     2 |     1 ||     3
Invok: Depart the Abyss  |     1 |       ||     1
       Bend Space        |       |     1 ||     1
  Use: Scroll            |     5 |     3 ||     8
       Potion            |       |     4 ||     4
 Stab: Sleeping          |     2 |     1 ||     3
Armor: Leather armour    |    28 |    28 ||    56
Dodge: Dodged            |    72 |    32 ||   104

Table legend: (Time is in decaauts)
 A = Elapsed time spent in this place.
 B = Non-inter-level travel time spent in this place.
 C = Inter-level travel time spent in this place.
 D = Time resting spent in this place.
 E = Time spent auto-exploring this place.
 F = Levels seen in this place.
 G = Mean time per level.
                   A        B        C        D        E       F      G
               +--------+--------+--------+--------+--------+-----+--------+
         Total |   3736 |   3712 |     24 |   1428 |   1799 |   3 | 1245.3 |
       Dungeon |   3681 |   3657 |     24 |   1428 |   1748 |   2 | 1840.5 |
         Abyss |     55 |     55 |      0 |      0 |     51 |   1 |   55.0 |
               +--------+--------+--------+--------+--------+-----+--------+

Top non-repeatable levels by time:
     D:1: 1881 daAuts
     D:2: 1799 daAuts
 Abyss:1: 55 daAuts
